Cogmind - Beta 13 *** ADVENTURER MODE // 2024.06.27 @ 18:47:05 Player: yub Result: Destroyed by G-67 Veteran with Plasma Rifle Performance ------------- Evolutions (5) 2500 Regions Visited (10) 2000 Robots Destroyed (138) 690 Value Destroyed (5117) 5117 Prototype IDs (20) 400 Alien Tech Used (0) 0 Bonus (746) 746 TOTAL SCORE: 11453 Bonus ------- Met Warlord at Base 500 MAIN.C Attacked Warlord 500 Friendly Fire -254 Cogmind --------- Core Integrity 0/1000 Matter 288/300 Energy 99/100 System Corruption 0% Temperature Cool (12) Movement Core (50) Location -4/Proximity Caves Parts ------- > --- POWER (2) -------- (None) > --- PROPULSION (5) --- (None) > --- UTILITY (8) ------ Improved Coolant Injector Improved Signal Interpreter System Guard > --- WEAPON (2) ------- (None) > --- INVENTORY (5) ---- Wave Gun Peak State ------------ > --- POWER ------------ Angular Momentum Engine Neutrino Core > --- PROPULSION ------- Cooled Nuclear Pulse Thruster Flightbrick > --- UTILITY ---------- Improved Cooling System Small Storage Unit Enhanced Optical Array Improved Sensor Array Improved Signal Interpreter Weapon Cycler Advanced Shield Generator Advanced Drone Bay > --- WEAPON ----------- Neutron Cannon KE Penetrator > --- INVENTORY -------- Improved Coolant Injector Launcher Guidance Computer Advanced ECM Suite System Guard Wave Gun Vortex Driver Improved KE Penetrator Rocket Array [Rating: 109] Favorites ----------- Power Light Nuclear Core Engine Angular Momentum Engine Power Core Light Nuclear Core Propulsion Flightbrick Leg Aluminum Leg Wheel Subdweller Monowheel Hover Unit Hover Unit Flight Unit Flightbrick Utility Small Storage Unit Device Weapon Cycler Storage Small Storage Unit Processor Improved Signal Interpreter Protection Scrap Shield Weapon Rocket Array Energy Gun Heavy Laser Energy Cannon Vortex Driver Ballistic Gun KE Penetrator Ballistic Cannon Light Cannon Launcher Rocket Array Slashing Weapon Power Sword Build | -11 -10 -10 -8 -7 -6 -5 -5 -5 -5 -4 ------- Run | Yrd Mat Sub Mat Fac Fac Fac Upp Upp War Pro Slots Evolved 10 | . . . 4 2 2 2 . . . . Power 1 | . . . 1 . . . . . . . Propulsion 3 | . . . 2 . 1 . . . . . Utility 6 | . . . 1 2 1 2 . . . . Weapon . | . . . . . . . . . . . Parts Attached 140 | 3 13 11 11 18 31 15 2 7 8 21 Power 19 | 1 1 1 1 5 6 1 . . 1 2 Engine 12 | 1 1 1 . 3 4 1 . . . 1 Core 7 | . . . 1 2 2 . . . 1 1 Reactor . | . . . . . . . . . . . Propulsion 21 | . 6 6 1 . 7 1 . . . . Treads . | . . . . . . . . . . . Leg 5 | . 3 2 . . . . . . . . Wheel 4 | . . 4 . . . . . . . . Hover 1 | . 1 . . . . . . . . . Flight 11 | . 2 . 1 . 7 1 . . . . Utility 48 | 1 1 2 7 8 8 8 2 5 . 6 Device 39 | . 1 1 5 8 6 7 2 5 . 4 Storage 2 | 1 . . 1 . . . . . . . Processor 5 | . . . . . 2 1 . . . 2 Hackware . | . . . . . . . . . . . Protection 2 | . . 1 1 . . . . . . . Artifact . | . . . . . . . . . . . Weapon 52 | 1 5 2 2 5 10 5 . 2 7 13 Energy Gun 16 | 1 1 1 1 2 3 1 . . 4 2 Energy Cannon 8 | . . 1 . . . . . . 2 5 Ballistic Gun 15 | . . . 1 2 4 3 . 1 1 3 Ballistic Cannon 3 | . 3 . . . . . . . . . Launcher 7 | . 1 . . 1 1 1 . . . 3 Special Weapon . | . . . . . . . . . . . Impact Weapon . | . . . . . . . . . . . Slashing Weapon 3 | . . . . . 2 . . 1 . . Piercing Weapon . | . . . . . . . . . . . Special Melee Weapon . | . . . . . . . . . . . Unidentified Prototypes 10 | . 1 . . 1 2 3 . . 3 . Parts Lost 33 | . 4 6 . 1 2 1 . 1 . 18 Power 7 | . 1 1 . . 1 . . . . 4 Propulsion 7 | . 2 2 . . . 1 . . . 2 Utility 13 | . . 2 . 1 1 . . 1 . 8 Weapon 6 | . 1 1 . . . . . . . 4 Highest Loss Streak 15 | . 2 3 . 1 1 1 . 1 . 15 To Critical Strikes . | . . . . . . . . . . . Average Slot Usage (%) 76 | . 84 78 61 78 79 82 83 81 77 71 Engine 6 | . 14 13 7 5 7 3 5 5 5 1 Core 3 | . . . 5 6 3 6 5 5 5 4 Leg 1 | . 12 4 . . . . . . . . Wheel 2 | . . 16 . . . . . . . . Flight 6 | . 7 . 7 6 11 11 11 11 11 5 Device 20 | . 12 . 22 37 28 32 33 31 27 17 Storage 4 | . 14 . 1 6 6 5 5 5 5 4 Processor 10 | . . . . . 8 10 11 11 11 22 Protection 2 | . . 13 3 2 . . . . . . Energy Gun 4 | . 13 9 7 6 6 4 5 5 3 . Energy Cannon 1 | . . 4 . . . . . . 1 3 Ballistic Gun 2 | . . . 5 5 5 4 5 4 5 1 Launcher 4 | . 8 14 1 . . . . . . 4 Naked Turns . | . . . . . . . . . . . Heaviest Build 65 | 9 18 35 34 43 39 43 45 52 65 65 Greatest Support 40 | 3 20 40 24 24 30 30 30 30 30 30 Greatest Overweight (x) 10 | 2 5 9 1 1 1 1 1 1 2 10 Average Overweight (x) 1 | 1 . . . 1 . . 1 1 1 5 Largest Inventory Capacity 8 | 8 8 8 8 8 8 8 8 8 8 8 Average Capacity 7 | 7 8 5 5 8 8 8 8 8 8 7 Most Carried 8 | 4 7 6 6 8 8 8 8 8 8 8 Average Carried 6 | 1 4 4 3 7 7 7 7 7 7 6 Final Capacity 8 | 8 8 5 8 8 8 8 8 8 8 5 Final Carried 8 | 2 4 4 6 7 8 8 8 7 8 1 Class Distribution -------------------- 55% | Mutant 27% | Skirmisher 11% | Subdweller-Mutant Dominant Class ---------------- Mutant | -10/Materials Subdweller-Mutant | -10/Subcaves Mutant | -8/Materials Mutant | -7/Factory Mutant | -6/Factory Skirmisher | -5/Factory Skirmisher | -5/Upper Caves Skirmisher | -5/Upper Caves Skirmisher | -5/Warlord Mutant | -4/Proximity Caves Resources | -11 -10 -10 -8 -7 -6 -5 -5 -5 -5 -4 ----------- Run | Yrd Mat Sub Mat Fac Fac Fac Upp Upp War Pro Matter Collected 2958 | 194 185 268 412 271 734 117 114 140 119 404 Remotely 382 | . . . 342 40 . . . . . . Salvage Created 4585 | . 238 446 543 693 1603 129 . 289 . 644 Parts 236 | . 17 30 24 43 87 8 . 12 . 15 Haulers Intercepted . | . . . . . . . . . . . Recyclers Shooed 3 | . 1 . . . 2 . . . . . Parts Field Recycled . | . . . . . . . . . . . Retrieved Matter . | . . . . . . . . . . . Parts Self-Destructed 36 | . . 12 . . . . . 13 . 11 Prevented . | . . . . . . . . . . . Kills | -11 -10 -10 -8 -7 -6 -5 -5 -5 -5 -4 ------- Run | Yrd Mat Sub Mat Fac Fac Fac Upp Upp War Pro Combat Hostiles Destroyed 116 | . 11 17 10 13 29 5 . 9 . 22 Melee 8 | . . . . . 3 . . 5 . . Guns 70 | . 7 1 8 13 26 5 . 4 . 6 Cannons 6 | . 3 . . . . . . . . 3 AOE 32 | . 1 16 2 . . . . . . 13 Classes Destroyed 14 | . 3 2 4 2 1 . . . . 2 Worker 6 | . . . 1 2 3 . . . . . Builder 2 | . . . . . 2 . . . . . Recycler 4 | . . . 1 2 1 . . . . . Operator 3 | . . . . 2 1 . . . . . Drone 2 | . . . . . . . . . . 2 Watcher 6 | . 1 . . . 5 . . . . . Swarmer 40 | . 6 3 . 4 12 5 . 8 . 2 Grunt 37 | . 5 . 6 2 8 . . . . 16 Brawler 2 | . . . 1 . . . . . . 1 Sentry 10 | . . . 3 2 4 . . 1 . . Hunter 3 | . . . . 1 2 . . . . . Programmer 7 | . . . . 4 3 . . . . . Behemoth 1 | . . . . . . . . . . 1 Subdweller 14 | . . 14 . . . . . . . . Decomposer 1 | . . . . . . . . . . 1 Guerrilla 1 | . . 1 . . . . . . . . Best Kill Streak 11 | . 3 11 4 7 5 3 . 5 . 7 Combat Bots Only 11 | . 3 11 4 4 4 3 . 5 . 7 Max Kills in Single Turn 4 | . 1 3 2 2 2 1 . 1 . 4 Gunslinging . | . . . . . . . . . . . Exploded 4 | . 1 3 2 . . . . . . 4 Melee 1 | . . . . . 1 . . 1 . . Uniques/NPCs Destroyed . | . . . . . . . . . . . Combat | -11 -10 -10 -8 -7 -6 -5 -5 -5 -5 -4 -------- Run | Yrd Mat Sub Mat Fac Fac Fac Upp Upp War Pro Hostile Shots Fired 763 | . 53 44 27 80 231 4 . 97 1 226 Missed 238 | . 10 14 12 30 93 1 . 21 . 57 Damage Taken 6625 | . 445 619 276 393 1570 94 . 754 12 2462 Core 1377 | . 107 68 18 25 143 . . 77 . 939 Absorbed by Shields 698 | . . . . 146 157 . . 170 4 221 Ignored by Resistances 2107 | . 131 175 71 153 498 25 . 268 5 781 Regen/Repaired (Parts) 65 | . . . . . . . . . 65 . Core Remaining (%) 81 | 100 . 30 96 96 83 . . . . . Volleys Fired 305 | . 35 29 22 50 87 9 . 18 7 48 Largest 2 | . 2 2 2 2 2 2 . 2 2 2 Hottest 190 | . 80 105 105 138 138 114 . 114 123 190 Shots Fired 469 | . 50 42 32 79 160 10 1 29 9 57 Gun 381 | . 34 16 28 79 158 10 1 29 7 19 Cannon 43 | . 14 . . . . . . . 2 27 Launcher 45 | . 2 26 4 . 2 . . . . 11 Special . | . . . . . . . . . . . Kinetic 182 | . 14 . 6 25 85 9 1 16 7 19 Thermal 232 | . 34 16 22 54 73 1 . 13 2 17 Explosive 45 | . 2 26 4 . 2 . . . . 11 Electromagnetic . | . . . . . . . . . . . Entropic 10 | . . . . . . . . . . 10 Robot Hit Streak 35 | . 22 35 11 18 22 3 . 8 8 21 Robot Miss Streak 5 | . 1 1 3 5 3 1 . 2 1 4 Penetration Max 1 | . . . . . 1 . . . . 1 Secondary Targets 10 | . . . 1 3 5 . . 1 . . Max Gunslinging Chain 1 | . . . 1 1 1 . . 1 . . Shots Hit Robots 387 | . 45 22 23 65 147 6 . 29 8 42 Core Hits 373 | . 17 34 30 58 111 5 . 10 2 106 Critical Kills 2 | . . . . . 1 . . . . 1 Critical Parts Destroyed 1 | . . . . . . . . 1 . . Critical Strikes 10 | . 2 . 1 1 4 . . 1 . 1 Burn 7 | . 2 . 1 1 3 . . . . . Destroy 3 | . . . . . 1 . . 1 . 1 Melee Attacks 27 | . . . . . 18 . . 9 . . Impact . | . . . . . . . . . . . Slashing 27 | . . . . . 18 . . 9 . . Piercing . | . . . . . . . . . . . Sneak Attacks 1 | . . . . . 1 . . . . . Combat Hostiles . | . . . . . . . . . . . Follow-up Attacks . | . . . . . . . . . . . Damage Inflicted 14253 | . 795 2169 844 1479 3607 132 . 811 201 4215 Guns 6246 | . 370 166 432 1443 2719 132 . 499 130 355 Cannons 1348 | . 210 . . . . . . . 71 1067 Explosions 5423 | . 212 2003 387 . 28 . . . . 2793 Melee 1119 | . . . . . 807 . . 312 . . Ramming 117 | . 3 . 25 36 53 . . . . . Kinetic 3323 | . 210 . 109 530 1621 108 . 260 130 355 Thermal 3604 | . 370 166 323 913 1098 24 . 239 71 400 Explosive 5397 | . 212 2003 387 . 28 . . . . 2767 Electromagnetic . | . . . . . . . . . . . Impact . | . . . . . . . . . . . Slashing 1119 | . . . . . 807 . . 312 . . Piercing . | . . . . . . . . . . . Entropic 693 | . . . . . . . . . . 693 Highest Corruption 3 | . . . 1 2 3 1 1 1 1 . Average Corruption 1 | . . . 1 1 3 1 1 1 1 . Corruption Purged 5 | . . . 2 3 . . . . . . Corruption Blocked . | . . . . . . . . . . . Effects 35 | . . . . 4 20 5 2 4 . . Message Errors 10 | . . . . 2 8 . . . . . Matter Fused 7 | . . . . 1 3 2 . 1 . . Heat Flow Errors 2 | . . . . . 1 1 . . . . Energy Discharges 5 | . . . . 1 2 . 1 1 . . Parts Rejected 2 | . . . . . 1 . . 1 . . Data Loss (minor) 5 | . . . . . 4 1 . . . . Data Loss (major) 1 | . . . . . . 1 . . . . Misfires 3 | . . . . . 1 . 1 1 . . Overload Shots . | . . . . . . . . . . . Overflow Damage 237 | . 15 6 2 . 53 . . 37 31 93 Projectiles 116 | . . . . . . . . . 31 85 Explosions 31 | . 15 6 2 . . . . . . 8 Melee 90 | . . . . . 53 . . 37 . . Knockbacks 3 | . 3 . . . . . . . . . Impact . | . . . . . . . . . . . Kinetic 3 | . 3 . . . . . . . . . Secondary . | . . . . . . . . . . . Self-Inflicted Damage 304 | . 33 52 30 18 25 . . . . 146 Shots 13 | . 2 3 1 . . . . . . 7 Rammed 8 | . 1 . 1 2 4 . . . . . Targets Rammed 8 | . 1 . 1 2 4 . . . . . Kicked . | . . . . . . . . . . . Crushed . | . . . . . . . . . . . Highest Temperature 421 | . 276 . 421 122 162 94 . 66 56 372 Average Temperature 89 | . 90 . 140 65 29 41 . 27 29 151 Received Heat Transfer 1377 | . 234 81 180 50 307 . . 37 6 482 Effects 6 | . 2 . . . . . . . . 4 Energy Bleed 2 | . . . . . . . . . . 2 Interference 4 | . 2 . . . . . . . . 2 Siege Activations . | . . . . . . . . . . . Robots Corrupted . | . . . . . . . . . . . Combat Hostiles . | . . . . . . . . . . . Parts Fried . | . . . . . . . . . . . Impact Corruptions 1 | . . . . . 1 . . . . . Robots Melted . | . . . . . . . . . . . Combat Hostiles . | . . . . . . . . . . . Parts Melted 12 | . 1 . . 4 6 . . 1 . . Heat Transferred 6763 | . 1163 444 666 1702 2331 37 . 370 . 50 Parts Sabotaged . | . . . . . . . . . . . Parts Stolen . | . . . . . . . . . . . Parts Stripped . | . . . . . . . . . . . Power Chain Reactions 1 | . . . . . . . . . . 1 Alert | -11 -10 -10 -8 -7 -6 -5 -5 -5 -5 -4 ------- Run | Yrd Mat Sub Mat Fac Fac Fac Upp Upp War Pro Peak Influence 366 | . 218 . 366 271 325 137 . . . . Initial 142 | . . . . 142 114 137 . . . . Average 117 | . 70 . 193 115 130 106 . . . . Maximum Alert Level 1 | . 1 . 1 1 1 . . . . . Low Security (%) 84 | 100 88 . 50 92 77 100 . . . . Level 1 15 | . 11 . 49 7 22 . . . . . Level 2 . | . . . . . . . . . . . Level 3 . | . . . . . . . . . . . Level 4 . | . . . . . . . . . . . Level 5 . | . . . . . . . . . . . High Security . | . . . . . . . . . . . Max Security . | . . . . . . . . . . . Squads Dispatched 15 | . 2 . 2 5 5 1 . . . . Investigation 4 | . 2 . 1 1 . . . . . . Extermination 7 | . . . . 3 3 1 . . . . Reinforcement 3 | . . . . 1 2 . . . . . Assault . | . . . . . . . . . . . Garrison 1 | . . . 1 . . . . . . . Intercept . | . . . . . . . . . . . Searches Triggered . | . . . . . . . . . . . Construction Impeded . | . . . . . . . . . . . Haulers Reinforced . | . . . . . . . . . . . Active Scanning Responses . | . . . . . . . . . . . Cargo Convoy Interrupts . | . . . . . . . . . . . Stealth | -11 -10 -10 -8 -7 -6 -5 -5 -5 -5 -4 --------- Run | Yrd Mat Sub Mat Fac Fac Fac Upp Upp War Pro Distress Signals 9 | . 2 . 1 . 1 . . . 4 1 Communications Jammed . | . . . . . . . . . . . Distress Signals . | . . . . . . . . . . . Times Spotted 182 | . 12 23 12 18 42 3 . 9 5 58 Peak Tracking Total 13 | . 4 8 5 4 5 1 . 5 3 13 Tactical Retreats 6 | . . 2 1 1 1 . . . . 1 Traps | -11 -10 -10 -8 -7 -6 -5 -5 -5 -5 -4 ------- Run | Yrd Mat Sub Mat Fac Fac Fac Upp Upp War Pro Traps Triggered 13 | . 2 . 3 2 4 2 . . . . Indirectly . | . . . . . . . . . . . Trap Hack Attempts . | . . . . . . . . . . . Triggered . | . . . . . . . . . . . Disarmed . | . . . . . . . . . . . Reprogrammed . | . . . . . . . . . . . Reused . | . . . . . . . . . . . Traps Extracted . | . . . . . . . . . . . Installed . | . . . . . . . . . . . Triggered 10 | . . . . . . . . . 10 . Machines | -11 -10 -10 -8 -7 -6 -5 -5 -5 -5 -4 ---------- Run | Yrd Mat Sub Mat Fac Fac Fac Upp Upp War Pro Machines Disabled 6 | . . 2 2 . . . . . . 2 Max in Single Turn 2 | . . 2 1 . . . . . . 1 Garrison Access 1 | . . . . . 1 . . . . . Machines Repaired . | . . . . . . . . . . . Machines Dismantled . | . . . . . . . . . . . Machines Sabotaged . | . . . . . . . . . . . Overloaded Fab Kills . | . . . . . . . . . . . Hacking | -11 -10 -10 -8 -7 -6 -5 -5 -5 -5 -4 --------- Run | Yrd Mat Sub Mat Fac Fac Fac Upp Upp War Pro Machines Accessed 32 | . 3 1 2 4 10 . 1 . 11 . Terminals 14 | . 3 . 2 2 6 . 1 . . . Fabricators 1 | . . . . . 1 . . . . . Repair Stations . | . . . . . . . . . . . Recycling Units 4 | . . . . 2 2 . . . . . Scanalyzers . | . . . . . . . . . . . Garrison Access 1 | . . . . . 1 . . . . . Total Hacks 69 | . 7 9 5 8 18 . 1 . 21 . Successful 51 | . 5 9 1 7 7 . 1 . 21 . Failed 18 | . 2 . 4 1 11 . . . . . Catastrophic 4 | . 1 . 1 . 2 . . . . . Database Lockouts . | . . . . . . . . . . . Manual 26 | . 5 1 5 4 10 . 1 . . . Terminals 29 | . 7 . 5 4 12 . 1 . . . Fabricators 1 | . . . . . 1 . . . . . Repair Stations . | . . . . . . . . . . . Recycling Units 8 | . . . . 4 4 . . . . . Scanalyzers . | . . . . . . . . . . . Garrison Access 1 | . . . . . 1 . . . . . Terminal Hacks 38 | . 2 9 . 2 3 . 1 . 21 . Record 29 | . . 8 . . . . 1 . 20 . Open Door 1 | . . . . . . . . . 1 . Open DSF 2 | . . . . . 2 . . . . . Emergency Access Points 1 | . . . . . 1 . . . . . Alert Level 2 | . 1 . . 1 . . . . . . Hauler Manifests 1 | . 1 . . . . . . . . . Zone Layout 1 | . . . . 1 . . . . . . Derelict Proto ID Bank 1 | . . 1 . . . . . . . . Fabricator Hacks 1 | . . . . . 1 . . . . . Network Status 1 | . . . . . 1 . . . . . Repair Station Hacks . | . . . . . . . . . . . Recycling Unit Hacks 4 | . . . . 3 1 . . . . . Report Inventory 2 | . . . . 2 . . . . . . Retrieve Components 2 | . . . . 1 1 . . . . . Scanalyzer . | . . . . . . . . . . . Garrison Access Hacks 1 | . . . . . 1 . . . . . Seal Access 1 | . . . . . 1 . . . . . Unauthorized Hacks 7 | . 3 . 1 2 1 . . . . . Terminals 7 | . 3 . 1 2 1 . . . . . Botnet 7 | . 3 . 1 2 1 . . . . . Fabricators . | . . . . . . . . . . . Repair Stations . | . . . . . . . . . . . Recycling Units . | . . . . . . . . . . . Scanalyzers . | . . . . . . . . . . . Garrison Access . | . . . . . . . . . . . Data Cores Recovered 1 | . . . . 1 . . . . . . Used . | . . . . . . . . . . . Hacking Detections 13 | . 3 . 1 2 7 . . . . . Full Trace Events 2 | . . . 1 1 . . . . . . Feedback Events . | . . . . . . . . . . . Feedback Blocked . | . . . . . . . . . . . Robot Schematics Acquired . | . . . . . . . . . . . Robots Built . | . . . . . . . . . . . Authchips . | . . . . . . . . . . . Time . | . . . . . . . . . . . Total Robot Build Rating . | . . . . . . . . . . . Part Schematics Acquired . | . . . . . . . . . . . Parts Built . | . . . . . . . . . . . Authchips . | . . . . . . . . . . . Time . | . . . . . . . . . . . Total Part Build Rating . | . . . . . . . . . . . Parts Repaired . | . . . . . . . . . . . Time . | . . . . . . . . . . . Parts Recycled . | . . . . . . . . . . . Recycled Matter . | . . . . . . . . . . . Retrieved Matter . | . . . . . . . . . . . Retrieved Components 4 | . . . . 2 2 . . . . . Parts Scanalyzed . | . . . . . . . . . . . Part Schematics Acquired . | . . . . . . . . . . . Parts Damaged . | . . . . . . . . . . . Bothacking | -11 -10 -10 -8 -7 -6 -5 -5 -5 -5 -4 ------------ Run | Yrd Mat Sub Mat Fac Fac Fac Upp Upp War Pro Used RIF Installer . | . . . . . . . . . . . Robots Hacked . | . . . . . . . . . . . Non-combat . | . . . . . . . . . . . Combat . | . . . . . . . . . . . Robot Hacks Applied . | . . . . . . . . . . . Relay Couplers Released . | . . . . . . . . . . . Fabnet Peak Effective % . | . . . . . . . . . . . Robots Rewired . | . . . . . . . . . . . Allies Hacked . | . . . . . . . . . . . Hacks Repelled . | . . . . . . . . . . . Allies | -11 -10 -10 -8 -7 -6 -5 -5 -5 -5 -4 -------- Run | Yrd Mat Sub Mat Fac Fac Fac Upp Upp War Pro Total Allies 3 | . . . . . 3 . . . . . Largest Group 3 | . . . . . 3 . . . . . Highest-Rated Group 93 | . . . . . 93 . . . . . Highest-Rated Ally 31 | . . . . . 31 . . . . . Total Orders . | . . . . . . . . . . . Ally Attacks 10 | . . . . . 10 . . . . . Total Damage 83 | . . . . . 83 . . . . . Kills . | . . . . . . . . . . . Allies Corrupted . | . . . . . . . . . . . Allies Melted 2 | . . . . . . . . . 2 . Intel | -11 -10 -10 -8 -7 -6 -5 -5 -5 -5 -4 ------- Run | Yrd Mat Sub Mat Fac Fac Fac Upp Upp War Pro Robot Analysis Total . | . . . . . . . . . . . Derelict Logs Recovered 5 | . . 1 . . . . 1 1 . 2 Drone Launches 2 | . . . . . . . . 2 . . Drone Recoveries . | . . . . . . . . . . . Exploration | -11 -10 -10 -8 -7 -6 -5 -5 -5 -5 -4 ------------- Run | Yrd Mat Sub Mat Fac Fac Fac Upp Upp War Pro Turns Passed 12447 | 56 624 1990 301 1088 1819 844 334 458 964 3969 Spaces Moved 7226 | 41 346 1224 246 892 1332 530 359 400 1018 838 Core 145 | 41 53 34 . . . . . . . 17 Treads . | . . . . . . . . . . . Legs 373 | . 199 174 . . . . . . . . Wheels 1016 | . . 1016 . . . . . . . . Hover . | . . . . . . . . . . . Flight 5692 | . 94 . 246 892 1332 530 359 400 1018 821 Fastest Speed 37 | 50 100 110 40 80 37 37 89 89 89 50 Average Speed 136 | 120 143 136 68 80 87 86 89 89 90 420 Slowest Speed 735 | 150 300 500 80 80 97 97 89 89 144 735 Overloaded Moves . | . . . . . . . . . . . Propulsion Burnouts . | . . . . . . . . . . . Robots Hopped . | . . . . . . . . . . . Cave-ins Triggered . | . . . . . . . . . . . Exploration Rate (%) 44 | 3 43 47 26 23 40 11 70 68 91 69 Regions Visited 10 Branch Regions 5 Pre-discovered Areas 5 | . . 1 . . . . 1 1 1 1 Known Exits Taken 5 | . . . . . 1 1 1 1 1 . Unknown Exits Taken 5 | 1 1 1 1 1 . . . . . . Scrap Searched 9 | . . 4 . . . . 4 1 . . Spaces Dug 102 | . . 60 . . . . . . . 42 Terrain Destroyed 506 | . 9 180 18 . 22 1 . 1 4 271 Melee . | . . . . . . . . . . . Projectile 24 | . . . 1 . 2 1 . 1 4 15 AOE 482 | . 9 180 17 . 20 . . . . 256 Terrain Rammed . | . . . . . . . . . . . Walls Destroyed . | . . . . . . . . . . . Machines Disabled . | . . . . . . . . . . . Actions | -11 -10 -10 -8 -7 -6 -5 -5 -5 -5 -4 --------- Run | Yrd Mat Sub Mat Fac Fac Fac Upp Upp War Pro Total 9378 | 48 426 1502 348 1193 1843 911 373 469 1052 1213 Wait 1470 | . 12 209 47 209 311 337 10 30 6 299 Move 7216 | 40 345 1223 245 891 1331 529 358 399 1017 838 Hop . | . . . . . . . . . . . Pick Up 93 | 5 13 12 16 9 19 7 1 2 7 2 Fast Attach 20 | . . 6 1 5 2 2 1 1 . 2 Attach 72 | 3 12 4 9 7 14 9 . 3 2 9 Detach 20 | . 3 1 . 2 5 6 . 1 . 2 Swap 50 | . 2 1 1 6 15 5 1 3 6 10 Drop 79 | . 3 17 6 12 19 7 2 3 7 3 Fire 305 | . 35 29 22 50 87 9 . 18 7 48 Melee 27 | . . . . . 18 . . 9 . . Ram 8 | . 1 . 1 2 4 . . . . . Kick . | . . . . . . . . . . . Crush . | . . . . . . . . . . . Escape Stasis 18 | . . . . . 18 . . . . . Rewire . | . . . . . . . . . . . Trap . | . . . . . . . . . . . Miscellaneous . | . . . . . . . . . . . Route ------- -11/Scrapyard -10/Materials (discovered 2 exits: [*Mat] / *Sub) -10/Subcaves -8/Materials -7/Factory -6/Factory -5/Factory -5/Upper Caves -5/Upper Caves -5/Warlord -4/Proximity Caves History --------- Turn | Location | Event 9 | -11/Scrapyard | Discovered new exit (range 16) 57 | -11/Scrapyard | Entered Materials 305 | -10/Materials | Build established: Mutant 448 | -10/Materials | Discovered new exit (range 15) 665 | -10/Materials | Discovered new exit (range 10) 681 | -10/Materials | Entered Subcaves 774 | -10/Subcaves | Ambushed by swarm of Subdwellers 774 | -10/Subcaves | Ambushed by Subdwellers from Twisted Machinery 774 | -10/Subcaves | Ambushed by Subdwellers from Twisted Machinery 774 | -10/Subcaves | Ambushed by Subdwellers from Twisted Machinery 774 | -10/Subcaves | Ambushed by Subdwellers from Twisted Machinery 777 | -10/Subcaves | Ambushed by Subdwellers from Twisted Machinery 777 | -10/Subcaves | Ambushed by Subdwellers from Twisted Machinery 781 | -10/Subcaves | Core integrity fell below 50% 807 | -10/Subcaves | Destroyed 11 combat bots 813 | -10/Subcaves | Lost 3 parts (1p1n1u) 895 | -10/Subcaves | Discovered new exit (range 7) 1336 | -10/Subcaves | Learned location of Zion (-7) 1336 | -10/Subcaves | Met a Zionite searching for "candidates" 1351 | -10/Subcaves | Shifting Twisted Machinery released Battle Cannon 1376 | -10/Subcaves | Build established: Subdweller-Mutant 1450 | -10/Subcaves | Shifting Twisted Machinery released Flamer 1678 | -10/Subcaves | Shifting Twisted Machinery released Flamer 1683 | -10/Subcaves | Shifting Twisted Machinery released Mak. System Shield 2028 | -10/Subcaves | Visited 4L-MR0's lab 2305 | -10/Subcaves | Found Flightbrick 2651 | -10/Subcaves | A Subdweller sparked back to life 2651 | -10/Subcaves | A Subdweller sparked back to life 2651 | -10/Subcaves | A Subdweller sparked back to life 2671 | -10/Subcaves | Entered Materials 2671 | -8/Materials | Evolved 4 slots: Power x1, Propulsion x2, Utility x1 2673 | -8/Materials | Attached Flightbrick, gained temporary slots: Utility x3 2775 | -8/Materials | Build established: Mutant 2855 | -8/Materials | Discovered new exit (range 9) 2939 | -8/Materials | Garrison activated, responded to threat 2972 | -8/Materials | Entered Factory 2972 | -7/Factory | Evolved 2 slots: Utility x2 3995 | -7/Factory | Discovered new exit (range 15) 4060 | -7/Factory | Entered another Factory area 4060 | -6/Factory | Evolved 2 slots: Propulsion x1, Utility x1 4155 | -6/Factory | Allied Derelicts emerged from ambush trap array 4169 | -6/Factory | Identified exit to DSF 4222 | -6/Factory | Lost 3 allies 5392 | -6/Factory | Build established: Skirmisher 5871 | -6/Factory | Discovered new exit (range 3) 5872 | -6/Factory | Identified exit to Factory 5877 | -6/Factory | Found Prototype Launcher 5879 | -6/Factory | Entered another Factory area 5879 | -5/Factory | Evolved 2 slots: Utility x2 5969 | -5/Factory | Identified Rocket Array 6691 | -5/Factory | Discovered new exit (range 21) 6722 | -5/Factory | Identified exit to Upper Caves 6723 | -5/Factory | Entered Upper Caves 6912 | -5/Upper Caves | Encountered a Warlord checkpoint 6947 | -5/Upper Caves | Learned location of Armory (-4) 7045 | -5/Upper Caves | Discovered new exit (range 12) 7056 | -5/Upper Caves | Identified exit to Upper Caves 7057 | -5/Upper Caves | Entered another Upper Caves area 7269 | -5/Upper Caves | Attracted the attention of an 0b10 checkpoint 7512 | -5/Upper Caves | Discovered new exit (range 2) 7514 | -5/Upper Caves | Identified exit to Warlord 7515 | -5/Upper Caves | Entered Warlord 7515 | -5/Warlord | Accompanied by 2 allies 7573 | -5/Warlord | System corruption cleaned by Quarantine Array 7882 | -5/Warlord | Met Warlord 7907 | -5/Warlord | Warlord's base attacked by MAIN.C 7953 | -5/Warlord | Learned Research trap positions 7953 | -5/Warlord | Learned Testing emergency access door positions 7954 | -5/Warlord | Learned 4 Research zone layouts 7954 | -5/Warlord | Learned 4 Testing zone layouts 7954 | -5/Warlord | Learned 4 Quarantine zone layouts 7955 | -5/Warlord | Learned Research security intel 7955 | -5/Warlord | Learned Quarantine security intel 7955 | -5/Warlord | Learned Research terminal intel 7955 | -5/Warlord | Learned Research garrison access intel 8124 | -5/Warlord | Found Prototype Energy Gun 8125 | -5/Warlord | Identified Vortex Rail 8133 | -5/Warlord | Found Prototype Energy Cannon 8134 | -5/Warlord | Identified Vortex Driver 8257 | -5/Warlord | Warlord forces counterattacked 8407 | -5/Warlord | Spotted B-75 Beast 8410 | -5/Warlord | Spotted B-86 Titan 8420 | -5/Warlord | Spotted Executioner 8421 | -5/Warlord | Spotted Striker 8455 | -5/Warlord | Lost 4 allies 8463 | -5/Warlord | Discovered new exit (range 12) 8477 | -5/Warlord | Identified exit to Proximity Caves 8479 | -5/Warlord | Entered Proximity Caves 8479 | -4/Proximity Caves | Accompanied by 2 allies 8635 | -4/Proximity Caves | Spotter reported a threat 9213 | -4/Proximity Caves | Spotter reported a threat 9267 | -4/Proximity Caves | Spotter reported a threat 9275 | -4/Proximity Caves | Spotter reported a threat 9320 | -4/Proximity Caves | Spotter reported a threat 9328 | -4/Proximity Caves | Spotter reported a threat 9352 | -4/Proximity Caves | Build established: Mutant 9373 | -4/Proximity Caves | Spotter reported a threat 9437 | -4/Proximity Caves | Spotter reported a threat 9497 | -4/Proximity Caves | Spotter reported a threat 9544 | -4/Proximity Caves | Spotter reported a threat 9612 | -4/Proximity Caves | Learned Research stockpile data 9630 | -4/Proximity Caves | Spotted B-86 Titan 9831 | -4/Proximity Caves | Destroyed B-86 Titan 9842 | -4/Proximity Caves | Spotter reported a threat 9932 | -4/Proximity Caves | Spotter reported a threat 9988 | -4/Proximity Caves | Spotter reported a threat 10032 | -4/Proximity Caves | Spotter reported a threat 10076 | -4/Proximity Caves | Spotter reported a threat 10362 | -4/Proximity Caves | Spotter reported a threat 10771 | -4/Proximity Caves | Spotter reported a threat 10772 | -4/Proximity Caves | Spotter reported a threat 10834 | -4/Proximity Caves | Spotter reported a threat 10859 | -4/Proximity Caves | Spotter reported a threat 10912 | -4/Proximity Caves | Spotter reported a threat 11037 | -4/Proximity Caves | Spotter reported a threat 11120 | -4/Proximity Caves | Spotter reported a threat 11173 | -4/Proximity Caves | Spotter reported a threat 11437 | -4/Proximity Caves | Spotter reported a threat 11521 | -4/Proximity Caves | Spotter reported a threat 12124 | -4/Proximity Caves | Spotter reported a threat 12397 | -4/Proximity Caves | Attracted the attention of an 0b10 base 12420 | -4/Proximity Caves | Core integrity fell below 50% 12441 | -4/Proximity Caves | Core integrity fell below 20% 12443 | -4/Proximity Caves | Learned location of Quarantine (-3) 12448 | -4/Proximity Caves | Destroyed by G-67 Veteran with Plasma Rifle Last Messages --------------- repair. 12438_ Slug penetrates Wall. 12439_ Flexi-carbon Leg fries itself beyond repair. 12439_ Autogun fries itself beyond repair. 12439_ Weapon Cycler destroyed. 12439_ Imp. KE Penetrator destroyed. 12439_ Penetrated by Slug. 12439_ Slug penetrates S-27 Virus. 12439_ S-27 Virus destroyed. 12440_ Plasma Rifle fries itself beyond repair. 12441_ Acquired 61 matter. 12443_ Enh. Optical Array destroyed. 12443_ Acquired derelict log, extracted data. World map updated: -3/Quarantine. 12445_ Flexi-carbon Leg fries itself beyond repair. 12445_ Slug penetrates Machine. 12445_ Slug penetrates Wall. 12447_ VTOL Module fries itself beyond repair. Map ----- +----------------------------------------------------+ | ?# #??####?## #?# #????????????????????? | | ?# # #??????## # ##?# #?????????????????????? | | ?# #??##### ## ### ##????????????????????? | | ?# #??# # # ## # #????????????????????? | | ## # #???# # # ##????????????????????? | | # # #????# #????????????????????? | | #????# ## # # #????????????????????? | | #???## # ### ## # #????????????????????? | | # #???# # #?####### # #????????????????????? | | #???# #???????# ##????????????????????? | | # ###### #######?## ##?????????????????????? | | ### ## ##?###??????????????????????? | | ### #??????????????????????????? | | #### # ###??????????????????????????? | | ## ##????????????????????????????? | | ### #### # ##?????????????????????????????? | | "# #?### # ##????????????????????????????? | | # #???##### # #????????????????????????????? | | #???????# # #????????????????????????????? | | # ###???????## # #????????????????????????????? | | #?????????# ##?????????#??????????????????? | | ##???#?????## ##????????? #### ### ?????????? | | ###??# #??????####??###???## ??????????? | | ###### #???????????## #?? g g #????????????? | | ?## # #??????????## ### b #?????????????? | | ?# #?########## @ ## #??????????????? | | ## # #??# #???????????????? | | ## #???# ###???????????????? | | # # #???# ######;++;;#### #?????????????????? | | # #???# """"" "???? #?????????????????? | | # ##??# "" "?????#?????????????????? | | ### #?## " """#????????????????????? | | #?## ### #????????????????????? | | #### ### #????????????????????? | | ### "# % """"" #????????????????????? | | ## % " " # #?????????????????? | | #! % " #?????????????????? | | ! ! #### =%* Y " #?????????????????? | | ! #??## #" # $ # #?????????????????? | | ##???# #" # ## ## #?????????????????? | | #????# #" # #? #? #?????????????????? | | # ##????# #" # #? #??#?????????????????? | | # #?????# #" # #? #????????????????????? | | # #?????# ######++##???###????????????????????? | | # #?????# ???????????????????????????????????? | | # #?????# ???????????????????????????????????? | | # #?????# ## ??????????????????????????????????? | | ????? #? ??????????????????????????????????? | | ?????# ? ?????????????????????????????????? | | ?????####?? ?????????????????????????????????? | +----------------------------------------------------+ Best States ------------- Heat Dissipation 67 Coolant Potential 80 Energy Generation 32 Energy Capacity 515 Matter Stores 300 Matter Capacity 300 Sight Range 22 Robot Scan Range 15 Terrain Scan Density 10 ECM Strength 2 Power Amplification 20 Corruption Containment 8 Armor Coverage 800 Resistance: KI 20 Resistance: TH 20 Resistance: EX 20 Resistance: EM 20 Resistance: I 20 Resistance: S 20 Resistance: P 20 Weapon Cycling 15 Evasion (%) 62 Launcher Accuracy 20 Recoil Reduction 4 Offensive Hacking 10 Item Schematics ----------------- None Robot Schematics ------------------ None Fabricated ------------ Nothing Alien Tech Used ----------------- None Achievements -------------- None Challenges ------------ None Game ------ Seed LaserScrapWarhead Manual? 0 Play Time 02:08:52 Cumulative 66.6 hours Start 2024.06.26 @ 23:04:41 End 2024.06.27 @ 18:47:05 Sessions 3 Manual Loads 0 Difficulty Adventurer Special Mode None Game No. 96 Rogue 17 Adventurer 79 Explorer 0 Win Type - Total 0 Types 0/0/0/0/0/0/0/0/0 Lore% 29 Gallery% 51 Achievement% 42 Wizard Run 0 Options --------- Layout 1 ASCII 0 Keyboard 0 Movement Mouse Keybinds 0 Fullscreen 1 Font 32/SmallcapsGlow Map View 50x35 Zoom Use 0% Tactical HUD 1 Map Filters NONE Filters NONE Steam 1 RUN: ab2d84bf-1ff1-4511-9c0c-323abd121b55